 Dungeon Sprint DCSS version 0.28.0-53-g5a82cb258f (webtiles) character file.

Game seed: 6045540153345087581

1243 Zeld the Fighter (level 8, -5/80 HPs)
             Began as a Palentonga Berserker on June 4, 2022.
             Was a Priest of Trog.
             Slain by Sonja
             ... wielding a +2 dagger of distortion
              (6 damage)
             ... in the Dungeon (Sprint I: "Red Sonja").
             The game lasted 00:00:47 (1152 turns).

Zeld the Fighter (Palentonga Berserker)             Turns: 1152, Time: 00:00:48

Health: -5/80      AC: 11    Str: 23    XL:     8   Next: 25%
Magic:  8/8        EV: 11    Int:  7    God:    Trog [***...]
Gold:   415        SH:  0    Dex: 10    Spells: 7/7 levels left

rFire   . . .      SeeInvis +   a - +0 hand axe
rCold   . . .      Faith    .   (no shield)
rNeg    . . .      Spirit   .   b - +0 animal skin
rPois   .          Reflect  .   (no helmet)
rElec   .          Harm     .   (no cloak)
rCorr   .          Rampage  .   (no gloves)
Will    ++...      NoTele   +   (no barding)
Stlth   +.........              (no amulet)
HPRegen 1.23/turn               (no ring)
MPRegen 0.11/turn               (no ring)

@: strong-willed, regenerating, curled up
A: large, rugged brown scales 3, see invisible, deformed body, roll 1, armoured
tail, reflexive curl
a: Rolling Charge, Renounce Religion, Berserk, Trog's Hand


You were in the Dungeon.
You worshipped Trog.
Trog was most pleased with you.
You visited 1 branch You collected 415 gold pieces.

Inventory:

Hand Weapons
 a - a +0 hand axe (weapon)
Armour
 b - a +0 animal skin (worn)
Wands
 i - a wand of iceblast (6)
Scrolls
 h - a scroll of blinking
Potions
 e - a potion of haste
 f - 2 potions of magic
 g - 3 potions of berserk rage


   Skills:
 * Level 11.2 Fighting
 * Level 11.0 Axes
 + Level 6.4 Armour
 + Level 6.3 Dodging


You had 7 spell levels left.
You didn't know any spells.
Your spell library was empty.

Dungeon Overview and Level Annotations

Branches:
Dungeon (1/1)

Altars:
Cheibriados
Dithmenos
Elyvilon
Fedhas
Gozag
Hepliaklqana
Kikubaaqudgha
Makhleb
Nemelex Xobeh
Okawaru
Qazlal
Ru
Sif Muna
Trog
Uskayaw
Vehumet
Wu Jian
Xom
Yredelemnul
Zin
The Shining One
Jiyva
Lugonu

Shops:
D :

Annotations:
D Sonja


Innate Abilities, Weirdness & Mutations

You are completely covered in rugged brown scales. (AC +3, +7% HP)
You have supernaturally acute eyesight. (SInv)
Armour fits poorly on your strangely shaped body.
You can roll at nearby foes to attack.
You have a long armoured tail.
You curl defensively after being hit. (AC +7*)


Message History

You completely miss Sonja.
Your tail-slap misses Sonja.
Sonja is moderately wounded.
Sonja hits you with a +2 dagger of distortion.
Space warps around you. Sonja hits you but does no damage. Sonja misses you.
Unknown command.
You completely miss Sonja.
Sonja is moderately wounded.
Sonja barely misses you.
Sonja hits you with a +2 dagger of distortion.
* * * LOW HITPOINT WARNING * * *
Space warps around you.
* * * LOW HITPOINT WARNING * * *
Sonja hits you but does no damage.
You feel much better.
Sonja hits you with a +2 dagger of distortion.
Space warps horribly around you!! Sonja hits you but does no damage.
Space warps horribly around you!
* * * LOW HITPOINT WARNING * * *
Sonja hits you but does no damage.
Unknown command.
Unknown command.
You feel better.
Sonja hits you with a +2 dagger of distortion!
* * * LOW HITPOINT WARNING * * *
Space warps around you.
* * * LOW HITPOINT WARNING * * *
Sonja hits you with a +2 dagger of distortion.
* * * LOW HITPOINT WARNING * * *
Space warps around you.
* * * LOW HITPOINT WARNING * * *
Sonja completely misses you. Sonja hits you but does no damage.
Sonja closely misses you.
Sonja hits you with a +2 dagger of distortion.
* * * LOW HITPOINT WARNING * * *
Your skin crawls.
You feel strong-willed.
Sonja hits you with a +2 dagger of distortion.
* * * LOW HITPOINT WARNING * * *
Space warps around you.
You die...

##########################
#<.#..)..#..'..#__#..')..#
#..)..#..').#..'..'..#§§§#
#..#####'#####'#__####§..+
#..####..#...#.#### ####
#..#__####..##.#
#..#_____##'#_.+
#⌠⌠#_.∩...'..._#
####_..__##_@#'#
#_____###K#(# #######
#.### $.$ $.$ ##.## #+#


You could see Sonja.

Vanquished Creatures
  2 kobold demonologists (D)
  A slime creature (D)
  Sigmund (D)
  A yak (D)
  A floating eye (D)
  An ogre (D)
  A jelly (D)
  Ijyb (D)
9 creatures vanquished.

Notes
Turn   | Place    | Note
-------+----------+-------------------------------------------
     0 | D        | Zeld the Palentonga Berserker began the quest for the Orb.
     0 | D        | Reached XP level 1. HP: 19/19 MP: 1/1
     2 | D        | Noticed Ijyb
    12 | D        | Killed Ijyb
    13 | D        | Reached XP level 2. HP: 11/27 MP: 2/2
   213 | D        | Noticed an ogre
   218 | D        | Killed an ogre
   219 | D        | Reached skill level 5 in Axes
   219 | D        | Reached XP level 3. HP: 25/36 MP: 3/3
   219 | D        | Reached XP level 4. HP: 29/42 MP: 4/4
   411 | D        | Noticed Sigmund
   416 | D        | Killed Sigmund
   416 | D        | Reached ** piety under Trog
   417 | D        | Reached XP level 5. HP: 52/52 MP: 5/5
   479 | D        | Found an ornate altar of the Wu Jian Council.
   479 | D        | Found a shimmering blue altar of Sif Muna.
   481 | D        | Found a radiant altar of Vehumet.
   489 | D        | Reached XP level 6. HP: 49/59 MP: 6/6
   520 | D        | Found Hoiz's Book Emporium.
   520 | D        | Found an ancient bone altar of Kikubaaqudgha.
   520 | D        | Found a hazy altar of Hepliaklqana.
   520 | D        | Found a stormy altar of Qazlal.
   520 | D        | Found a hide-covered altar of Uskayaw.
   520 | D        | Found a blossoming altar of Fedhas.
   520 | D        | Found a bloodstained altar of Trog.
   520 | D        | Found an iron altar of Okawaru.
   520 | D        | Found a basalt altar of Yredelemnul.
   520 | D        | Found a glowing golden altar of the Shining One.
   520 | D        | Found a snail-covered altar of Cheibriados.
   520 | D        | Found a sacrificial altar of Ru.
   520 | D        | Found a glowing silver altar of Zin.
   520 | D        | Found a shadowy altar of Dithmenos.
   520 | D        | Found a white marble altar of Elyvilon.
   520 | D        | Noticed a yak
   524 | D        | Killed a yak
   525 | D        | Reached skill level 5 in Armour
   525 | D        | Reached skill level 5 in Dodging
   525 | D        | Found an opulent altar of Gozag.
   526 | D        | Found a sparkling altar of Nemelex Xobeh.
   687 | D        | Found a burning altar of Makhleb.
   687 | D        | Found a viscous altar of Jiyva.
   687 | D        | Found a shimmering altar of Xom.
   687 | D        | Found a corrupted altar of Lugonu.
   687 | D        | Noticed a slime creature
   697 | D        | Killed a slime creature
   698 | D        | Gained mutation: You curl defensively after being hit. (AC
                  | +7*) [Palentonga growth]
   698 | D        | Reached XP level 7. HP: 62/69 MP: 7/7
   884 | D        | Noticed a kobold demonologist
   884 | D        | Noticed a kobold demonologist
   886 | D        | Noticed a sixfirhy
   889 | D        | Reached skill level 10 in Fighting
   889 | D        | Noticed a ynoxinul
   890 | D        | Killed a kobold demonologist
   890 | D        | Reached *** piety under Trog
   891 | D        | Reached skill level 10 in Axes
   900 | D        | Killed a kobold demonologist
   901 | D        | Reached XP level 8. HP: 80/80 MP: 8/8
  1145 | D        | Noticed Sonja
  1152 | D        | HP: 1/80 [Sonja/+2 dagger of distortion (5)]
  1152 | D        | Slain by Sonja

Illustrated notes

Levels and vault maps discovered:
D:        dungeon_sprint_1 [red_sonja_temple_1, red_sonja_temple_small_1]

Skill      XL: |  1  2  3  4  5  6  7 |
---------------+----------------------+-----
Fighting       | 4 6 7 8 9 11 | 11.2
Axes           | 4 5 7 9 11 | 11.0
Armour         | 2 3 4 5 6 |  6.4
Dodging        | 2 3 4 5 6 |  6.3

Action                   |  1- 3 |  4- 6 |  7- 9 || total
-------------------------+-------+-------+-------++-------
Melee: Hand axe          |    11 |    18 |    17 ||    46
       Tailslap          |     2 |     2 |     1 ||     5
       Punch             |       |     3 |       ||     3
Invok: Berserk           |     2 |     3 |     1 ||     6
       Trog's Hand       |       |       |     1 ||     1
Evoke: Wand              |       |       |     1 ||     1
  Use: Potion            |       |       |     2 ||     2
Armor: Animal skin       |     1 |     5 |     9 ||    15
Dodge: Dodged            |     1 |     6 |    11 ||    18
